[Event "Titled Tuesday Blitz June 13 Late 2023"]
[White "Camilla_Lee"]
[Black "Ivanova, Karina"]
[BlackFideId "24139750"]
[WhiteElo "2558"]
[BlackElo "2081"]
[Result "1/2-1/2"]
[Round "1"]
[TimeControl "180+2"]
[Date "2023.06.13"]
[WhiteClock "0:01:02"]
[BlackClock "0:01:01"]
[Board "180"]

1. e4 c6 2. d4 d5 3. Nc3 dxe4 4. Nxe4 Bf5 5. Ng3 Bg6 6. h4 h6 7. Nf3 Nd7 8. h5 Bh7 9. Bd3 Bxd3 10. Qxd3 e6 11. Bf4 Qa5+ 12. Bd2 Qc7 13. O-O-O Ngf6 14. Ne4 O-O-O 15. g3 Be7 16. Nxf6 Nxf6 17. Ne5 Bd6 18. f4 c5 19. Kb1 cxd4 20. Qxd4 Bxe5 21. Qxe5 Qxe5 22. fxe5 Ne4 23. Bf4 Rxd1+ 24. Rxd1 Rd8 25. Rxd8+ Kxd8 26. c4 Kd7 27. Kc2 Kc6 28. Kd3 Nc5+ 29. Kd4 Nd7 30. b4 a6 31. a4 b5 32. cxb5+ axb5 33. a5 Nb8 34. g4 Na6 35. Bd2 Kd7 36. g5 hxg5 37. Bxg5 Ke8 38. Bd2 Ke7 39. Ke4 Kd7 40. Kd4 Ke8 41. Ke4 Kd7 42. Kd4 1/2-1/2


[Site "https://www.chess.com"]

[Event "Titled Tuesday Blitz June 13 Late 2023"]
[White "Elaisaz"]
[Black "Fieberg, Samuel"]
[BlackFideId "12901717"]
[WhiteElo "2153"]
[BlackElo "2558"]
[Result "1-0"]
[Round "1"]
[TimeControl "180+2"]
[Date "2023.06.13"]
[WhiteClock "0:01:29"]
[BlackClock "0:00:46"]
[Board "181"]

1. d4 d5 2. Bf4 c5 3. e3 Nc6 4. c3 cxd4 5. exd4 Bf5 6. Bd3 Bxd3 7. Qxd3 e6 8. Nf3 Bd6 9. Bxd6 Qxd6 10. O-O Nge7 11. Nbd2 O-O 12. Rae1 Qf4 13. Ne5 Nxe5 14. Rxe5 Ng6 15. Ree1 a6 16. g3 Qg4 17. f3 Qh3 18. Qe2 Rac8 19. Qg2 Qf5 20. f4 Qc2 21. Nf3 Qa4 22. a3 b5 23. Ne5 a5 24. Nd7 Rfd8 25. Nb6 Qb3 26. Nxc8 Rxc8 27. f5 Nf8 28. f6 b4 29. fxg7 Ng6 30. axb4 axb4 31. Qf2 Rc7 32. Rxe6 Kxg7 33. Qf6+ Kh6 34. Qf4+ Kg7 35. Rxg6+ hxg6 36. Qxc7 1-0


[Site "https://www.chess.com"]

[Event "Titled Tuesday Blitz June 13 Late 2023"]
[White "Pinheiro, Iung Alicio de O."]
[Black "LionKing2367890"]
[WhiteFideId "2104350"]
[WhiteElo "2283"]
[BlackElo "2148"]
[Result "1-0"]
[Round "1"]
[TimeControl "180+2"]
[Date "2023.06.13"]
[WhiteClock "0:01:17"]
[BlackClock "0:01:56"]
[Board "182"]

1. e4 e5 2. Nf3 Nc6 3. g3 Bc5 4. Bg2 d6 5. c3 Nf6 6. d3 O-O 7. O-O d5 8. Qe2 dxe4 9. dxe4 Qe7 10. Nh4 Bg4 11. Qc2 Rfd8 12. b4 Bb6 13. a4 a5 14. b5 Na7 15. Nf5 Bxf5 16. exf5 c6 17. Na3 cxb5 18. axb5 Rac8 19. Qb3 Bc5 20. Nc4 b6 21. h3 Qe8 22. Rb1 Nd5 23. Re1 Nc7 24. Nxe5 Qxb5 25. Qxf7+ 1-0


[Site "https://www.chess.com"]

[Event "Titled Tuesday Blitz June 13 Late 2023"]
[White "Kornyukov, Alexey"]
[Black "Besedes, Danilo"]
[WhiteFideId "4150457"]
[BlackFideId "946796"]
[WhiteElo "2352"]
[BlackElo "2352"]
[Result "1-0"]
[Round "1"]
[TimeControl "180+2"]
[Date "2023.06.13"]
[WhiteClock "0:00:04"]
[BlackClock "0:00:10"]
[Board "183"]

1. d4 d6 2. c4 Nf6 3. Nc3 Nbd7 4. e4 e5 5. Nf3 Be7 6. g3 O-O 7. Bg2 c6 8. O-O Qc7 9. Qc2 Re8 10. h3 Nf8 11. Be3 Ng6 12. Rad1 Be6 13. d5 Bd7 14. b3 Qc8 15. Kh2 h5 16. Qd2 h4 17. Ng5 c5 18. Qe2 a6 19. a4 Rb8 20. Rg1 b5 21. cxb5 axb5 22. Nxb5 Bxb5 23. axb5 Qb7 24. Bf1 Ra8 25. gxh4 Nxh4 26. f4 exf4 27. Bxf4 Ng6 28. Ne6 Nxf4 29. Nxf4 Bf8 30. Qg2 Rxe4 31. Nh5 Nxh5 32. Qxe4 Ra2+ 33. Kh1 Nf6 34. Qf5 Qe7 35. Bd3 Qe3 36. Rde1 Qf2 37. Qxf2 Rxf2 38. b6 Rf3 39. Bc4 Nd7 40. b7 f6 41. Re8 Kf7 42. Rd8 Ne5 43. b8=Q Be7 44. Rd7 Rf2 45. Rxe7+ Kxe7 46. Qc7+ Ke8 47. Qxd6 Nf3 48. Qe6+ Kf8 49. Qd6+ Ke8 50. Qg3 Rh2+ 51. Qxh2 Nxh2 52. Kxh2 1-0


[Site "https://www.chess.com"]

[Event "Titled Tuesday Blitz June 13 Late 2023"]
[White "Jaskolka, Tomasz"]
[Black "Almedina Ortiz, Edgardo J."]
[WhiteFideId "1170791"]
[BlackFideId "3100197"]
[WhiteElo "2155"]
[BlackElo "2217"]
[Result "1-0"]
[Round "1"]
[TimeControl "180+2"]
[Date "2023.06.13"]
[WhiteClock "0:00:47"]
[BlackClock "0:00:25"]
[Board "184"]

1. d4 Nf6 2. Nc3 e6 3. Bf4 d5 4. Nb5 Na6 5. e3 c6 6. Nc3 Nb8 7. Nf3 Bd6 8. Ne5 O-O 9. Bd3 Qc7 10. Bg3 Nbd7 11. f4 b5 12. Qf3 b4 13. Nd1 c5 14. Bh4 Bb7 15. Qh3 Ne4 16. Nf2 Rfe8 17. O-O f6 18. Nxd7 Qxd7 19. Nxe4 dxe4 20. Bc4 cxd4 21. exd4 Bxf4 22. Rad1 Bd6 23. d5 Qc7 24. dxe6 Qxc4 25. Rxd6 Qc5+ 26. Bf2 Qxd6 27. Be3 Qxe6 28. Qg3 Rac8 29. Bd4 e3 30. Rxf6 Qe4 31. Rf8+ Kxf8 32. Qxg7# 1-0


[Site "https://www.chess.com"]

[Event "Titled Tuesday Blitz June 13 Late 2023"]
[White "Marin Masis, Jose Esteban"]
[Black "Novikov, Evgenij"]
[WhiteFideId "6508146"]
[BlackFideId "4125380"]
[WhiteElo "1838"]
[BlackElo "2242"]
[Result "0-1"]
[Round "1"]
[TimeControl "180+2"]
[Date "2023.06.13"]
[WhiteClock "0:00:12"]
[BlackClock "0:01:04"]
[Board "185"]

1. e4 c5 2. Nf3 d6 3. d4 cxd4 4. Nxd4 Nf6 5. Nc3 g6 6. Bc4 Bg7 7. O-O O-O 8. Bg5 a6 9. Re1 b5 10. Bb3 h6 11. Bh4 Bb7 12. Qd2 Kh7 13. Rad1 Nc6 14. Nf3 Qb6 15. h3 Na5 16. e5 dxe5 17. Nxe5 Nxb3 18. axb3 Rad8 19. Qe2 b4 20. Na4 Qc7 21. Nc4 Rxd1 22. Rxd1 Rd8 23. Rxd8 Qxd8 24. Qd2 Qxd2 25. Nxd2 Nd5 26. Nc5 Bc8 27. Nd3 f5 28. Nc4 g5 29. Bg3 f4 30. Bh2 Kg6 31. Nde5+ Kf5 32. g4+ Ke4 33. f3+ Kd4 34. Nc6+ Kc5 35. N6e5 Nb6 36. Nd3+ Kb5 37. Nxb6 Kxb6 38. Kf1 a5 39. Bg1+ Kb5 40. Ke2 Bb7 41. Bf2 e5 42. h4 e4 43. fxe4 Bxe4 44. hxg5 hxg5 45. Ne1 Bxb2 46. Nf3 Bxc2 47. Nxg5 Bxb3 48. Ne4 a4 49. Nd2 Bd5 50. g5 a3 0-1


[Site "https://www.chess.com"]

[Event "Titled Tuesday Blitz June 13 Late 2023"]
[White "Ozates, Tuna"]
[Black "Sailer, Mike"]
[WhiteFideId "6354521"]
[BlackFideId "2012901"]
[WhiteElo "2151"]
[BlackElo "2109"]
[Result "1-0"]
[Round "1"]
[TimeControl "180+2"]
[Date "2023.06.13"]
[WhiteClock "0:01:24"]
[BlackClock "0:00:00"]
[Board "186"]

1. e4 d5 2. exd5 Qxd5 3. Nc3 Qd6 4. d4 Nf6 5. Nf3 c6 6. Ne5 Nbd7 7. Bf4 Nxe5 8. Bxe5 Qb4 9. Rb1 Bf5 10. a3 Qa5 11. Bd3 Bxd3 12. Qxd3 e6 13. O-O Be7 14. Qg3 O-O 15. Ne4 Ne8 16. b4 Qd5 17. Rfe1 f6 18. Bf4 Qxd4 19. Rbd1 Qc4 20. Rd7 Rf7 21. Rxb7 e5 22. Bh6 Rd8 23. h4 Qxc2 24. Rxa7 Kf8 25. Bc1 Rd1 26. Qe3 Rxe1+ 27. Qxe1 f5 28. Ng5 Bxg5 29. Rxf7+ Kxf7 30. Bxg5 e4 31. Qa1 Nd6 32. a4 Nc4 33. a5 e3 34. Bxe3 Nxe3 35. fxe3 Qe2 36. Qc3 Qd1+ 37. Kh2 Qg4 38. Qd4 Qh5 39. a6 g5 40. a7 gxh4 41. a8=Q h3 42. Qb7+ 1-0


[Site "https://www.chess.com"]

[Event "Titled Tuesday Blitz June 13 Late 2023"]
[White "deloewre"]
[Black "ElDivis"]
[WhiteElo "2127"]
[BlackElo "2550"]
[Result "0-1"]
[Round "1"]
[TimeControl "180+2"]
[Date "2023.06.13"]
[WhiteClock "0:00:00"]
[BlackClock "0:00:25"]
[Board "187"]

1. d4 Nf6 2. c4 e6 3. Nc3 d5 4. cxd5 exd5 5. Bg5 c6 6. e3 Be7 7. Bd3 h6 8. Bf4 O-O 9. h3 Re8 10. Nf3 Nbd7 11. Qc2 Nf8 12. O-O Ne6 13. Bh2 a5 14. Ne5 a4 15. a3 Bd6 16. f4 c5 17. f5 Ng5 18. Bf4 cxd4 19. exd4 Nge4 20. Nxe4 dxe4 21. Bxe4 Nxe4 22. Qxe4 Ra5 23. Qc2 Qb6 24. Nc4 Qxd4+ 25. Kh1 Bxf5 26. Qd2 Qxd2 27. Bxd2 Rd5 28. Nxd6 Rxd6 29. Bb4 Rd5 30. Rad1 Rxd1 31. Rxd1 Be6 32. Bc3 f6 33. Rd6 Kf7 34. Rb6 Bd5 35. Rb5 Bc6 36. Rb4 Re2 37. Rg4 g5 38. Rg3 h5 39. Kg1 h4 40. Rg4 Kg6 41. Kf1 Rc2 0-1


[Site "https://www.chess.com"]

[Event "Titled Tuesday Blitz June 13 Late 2023"]
[White "Kim, Sergey"]
[Black "Phillips, Rene"]
[WhiteFideId "13700570"]
[BlackFideId "2056275"]
[WhiteElo "2549"]
[BlackElo "2114"]
[Result "1-0"]
[Round "1"]
[TimeControl "180+2"]
[Date "2023.06.13"]
[WhiteClock "0:02:11"]
[BlackClock "0:01:20"]
[Board "188"]

1. d4 Nc6 2. c4 e5 3. d5 Bb4+ 4. Bd2 Bxd2+ 5. Qxd2 Nce7 6. Nc3 d6 7. e4 f5 8. Bd3 Nf6 9. Nge2 O-O 10. exf5 Nxf5 11. Bxf5 Bxf5 12. Ng3 Bg6 13. O-O b6 14. f4 exf4 15. Rxf4 Qd7 16. Raf1 Nh5 17. Nxh5 Bxh5 18. Nb5 a6 19. Nd4 Rxf4 20. Qxf4 Bg6 21. Ne6 Qe7 22. h4 Bd3 23. Rf3 Be2 24. Rg3 Bh5 25. Qf5 Bg6 26. Qg4 Qf7 27. Rf3 Bh5 28. Rxf7 Bxg4 29. Rxg7+ 1-0


[Site "https://www.chess.com"]

[Event "Titled Tuesday Blitz June 13 Late 2023"]
[White "Hartikainen, Jarmo"]
[Black "Kochiev, Ivan"]
[WhiteFideId "503134"]
[BlackFideId "2917890"]
[WhiteElo "2112"]
[BlackElo "2287"]
[Result "0-1"]
[Round "1"]
[TimeControl "180+2"]
[Date "2023.06.13"]
[WhiteClock "0:00:00"]
[BlackClock "0:00:02"]
[Board "189"]

1. e4 c5 2. c3 Nf6 3. e5 Nd5 4. d4 cxd4 5. Nf3 e6 6. cxd4 d6 7. Nc3 Nxc3 8. bxc3 Bd7 9. Bd3 Qc7 10. Bd2 Bc6 11. O-O Nd7 12. exd6 Bxd6 13. h3 h6 14. Qe2 O-O 15. Rfe1 Nf6 16. Ne5 Bxe5 17. dxe5 Nd7 18. Qh5 Rfd8 19. Rad1 Nxe5 20. Bc2 Nd3 21. Bxh6 gxh6 22. Bxd3 Qf4 23. Re3 Kh8 24. Rg3 Rg8 25. Re1 Rxg3 26. fxg3 Qd2 27. Rd1 Qe3+ 28. Kh2 Rg8 29. g4 Qf4+ 30. Kh1 Kg7 0-1


[Site "https://www.chess.com"]

[Event "Titled Tuesday Blitz June 13 Late 2023"]
[White "Fedotov, Nikita"]
[Black "zano2023"]
[WhiteFideId "24161446"]
[WhiteElo "2211"]
[BlackElo "2081"]
[Result "0-1"]
[Round "1"]
[TimeControl "180+2"]
[Date "2023.06.13"]
[WhiteClock "0:01:07"]
[BlackClock "0:01:36"]
[Board "190"]

1. e4 e5 2. Nf3 d6 3. Nc3 f5 4. d4 Nf6 5. dxe5 Nxe4 6. Nxe4 fxe4 7. Ng5 d5 8. Be2 Be7 9. f4 Bxg5 10. fxg5 O-O 11. Be3 Nc6 12. Qd2 Nxe5 13. O-O-O c6 14. Bd4 Ng4 15. Bxg4 Bxg4 16. Rdf1 Qe7 17. Qe3 b6 18. h3 Bd7 19. Qg3 Bf5 20. h4 Rae8 21. h5 c5 22. Be3 d4 23. Bf4 e3 24. Bd6 Qe4 25. Bxf8 Qxc2# 0-1


[Site "https://www.chess.com"]

[Event "Titled Tuesday Blitz June 13 Late 2023"]
[White "Maluco_do_Natal_00"]
[Black "Diaz Rosas, Julio Cesar"]
[BlackFideId "5105099"]
[WhiteElo "2080"]
[BlackElo "2284"]
[Result "0-1"]
[Round "1"]
[TimeControl "180+2"]
[Date "2023.06.13"]
[WhiteClock "0:00:05"]
[BlackClock "0:01:44"]
[Board "191"]

1. e4 c5 2. Nf3 d6 3. d4 cxd4 4. Nxd4 Nf6 5. Nc3 a6 6. Be3 e5 7. Nb3 Be7 8. f3 O-O 9. Qd2 a5 10. Bb5 Bd7 11. a4 Na6 12. g4 Nb4 13. g5 Nh5 14. h4 Be6 15. Nd5 Nxd5 16. exd5 Bf5 17. O-O-O Rc8 18. Bd3 Bxd3 19. Qxd3 Qd7 20. Qb5 Qf5 21. Qe2 Ng3 22. Qd2 Nxh1 23. Rxh1 Qxf3 24. Kb1 Qxh1+ 25. Ka2 Qe4 0-1


[Site "https://www.chess.com"]

[Event "Titled Tuesday Blitz June 13 Late 2023"]
[White "MKlose11"]
[Black "Torres Dominguez, David"]
[BlackFideId "2220857"]
[WhiteElo "2538"]
[BlackElo "1999"]
[Result "1-0"]
[Round "1"]
[TimeControl "180+2"]
[Date "2023.06.13"]
[WhiteClock "0:00:18"]
[BlackClock "0:00:17"]
[Board "192"]

1. e4 e5 2. Nf3 Nc6 3. d4 exd4 4. Bc4 Bc5 5. c3 Nf6 6. e5 d5 7. Bb5 Ne4 8. cxd4 Bb6 9. Be3 O-O 10. Nc3 f6 11. Qb3 fxe5 12. Bxc6 bxc6 13. Nxe5 Nf6 14. O-O Qe8 15. Qa4 Qh5 16. Qxc6 Ba6 17. Rfe1 Rad8 18. Qa4 Rd6 19. Qxa6 Bxd4 20. Qe2 Bxe5 21. Qxh5 Nxh5 22. Bc5 Bxc3 23. Bxd6 cxd6 24. bxc3 Nf4 25. Rad1 Rc8 26. g3 Ng6 27. Rxd5 Ne5 28. Kg2 Rc7 29. Rxd6 Nc4 30. Rd4 Nb6 31. c4 h6 32. Rc1 Rc5 33. Re1 Ra5 34. Re7 Rxa2 35. c5 Ra4 36. Rxa4 Nxa4 37. c6 Nb6 38. Rxa7 1-0


[Site "https://www.chess.com"]

[Event "Titled Tuesday Blitz June 13 Late 2023"]
[White "Ricaurte Lopez, Juan Carlos"]
[Black "Zavgorodniy, Sergiy"]
[WhiteFideId "3600327"]
[BlackFideId "14110148"]
[WhiteElo "2200"]
[BlackElo "2402"]
[Result "0-1"]
[Round "1"]
[TimeControl "180+2"]
[Date "2023.06.13"]
[WhiteClock "0:00:00"]
[BlackClock "0:00:38"]
[Board "193"]

1. e4 c6 2. d4 d5 3. exd5 cxd5 4. c4 Nf6 5. Nc3 e6 6. Nf3 Be7 7. Bd3 dxc4 8. Bxc4 Nc6 9. O-O O-O 10. a3 a6 11. Qd3 b5 12. Ba2 Bb7 13. Bg5 Nd5 14. Bxe7 Ncxe7 15. Rad1 Rc8 16. Ne4 Nf5 17. Nc5 Qe7 18. Nxb7 Qxb7 19. Qe4 Rfd8 20. Rfe1 h6 21. Ne5 Qe7 22. Bb1 Nf6 23. Qf4 Nd6 24. Nd3 Nc4 25. Nc5 Nxb2 26. Rc1 Rd6 27. Nb7 Rdc6 28. Rxc6 Rxc6 29. Qb8+ Qe8 30. Qe5 Nc4 31. Qe2 Nxa3 32. Nc5 Nc4 33. Bd3 Nd6 34. Ra1 Qc8 35. Qe5 Nde8 0-1


[Site "https://www.chess.com"]

[Event "Titled Tuesday Blitz June 13 Late 2023"]
[White "Tokhirjonova, Gulrukhbegim"]
[Black "dorpato"]
[WhiteFideId "14203626"]
[WhiteElo "2265"]
[BlackElo "2068"]
[Result "1-0"]
[Round "1"]
[TimeControl "180+2"]
[Date "2023.06.13"]
[WhiteClock "0:01:41"]
[BlackClock "0:00:13"]
[Board "194"]

1. d4 Nf6 2. Bf4 g6 3. Nc3 d5 4. Qd2 Bg7 5. O-O-O O-O 6. Bh6 b6 7. Bxg7 Kxg7 8. f3 Bb7 9. g4 Nfd7 10. h4 e6 11. h5 gxh5 12. Rxh5 Qf6 13. Nh3 c5 14. e3 cxd4 15. exd4 e5 16. dxe5 Nxe5 17. Rf5 Nxf3 18. Qf4 Qg6 19. Qxf3 f6 20. Nf4 Qf7 21. Re1 Nd7 22. Ne6+ Kh8 23. Nxf8 Rxf8 24. Bd3 Ne5 25. Rexe5 Qg6 26. Re7 Qh6+ 27. Kd1 Bc6 28. Rh5 Qg6 1-0


[Site "https://www.chess.com"]

[Event "Titled Tuesday Blitz June 13 Late 2023"]
[White "Osmonbekov, Talaibek"]
[Black "Molenda, Marcin"]
[WhiteFideId "2017253"]
[BlackFideId "1173065"]
[WhiteElo "2135"]
[BlackElo "2286"]
[Result "1-0"]
[Round "1"]
[TimeControl "180+2"]
[Date "2023.06.13"]
[WhiteClock "0:01:57"]
[BlackClock "0:01:20"]
[Board "195"]

1. d4 d5 2. Bf4 Nf6 3. Nc3 c6 4. e3 Bf5 5. Nf3 e6 6. Ne5 Nbd7 7. g4 Bg6 8. h4 h5 9. Nxg6 fxg6 10. Bd3 Kf7 11. g5 Ng8 12. Qf3 Ngf6 13. Rg1 Bb4 14. gxf6 Nxf6 15. Bxg6+ Ke7 16. Bd3 Qa5 17. Rxg7+ Kf8 18. Be5 Bxc3+ 19. bxc3 Qxc3+ 20. Ke2 1-0


[Site "https://www.chess.com"]

[Event "Titled Tuesday Blitz June 13 Late 2023"]
[White "brm72"]
[Black "Chess_maylovsky"]
[WhiteElo "2534"]
[BlackElo "2039"]
[Result "1-0"]
[Round "1"]
[TimeControl "180+2"]
[Date "2023.06.13"]
[WhiteClock "0:01:07"]
[BlackClock "0:00:00"]
[Board "196"]

1. e4 c5 2. Nf3 d6 3. d4 cxd4 4. Nxd4 Nf6 5. Nc3 a6 6. f3 e5 7. Nb3 Be6 8. Be3 h5 9. Qd2 Nbd7 10. O-O-O Be7 11. Kb1 Rc8 12. Bd3 b5 13. h3 Nc5 14. g4 g6 15. g5 Nfd7 16. f4 exf4 17. Bxf4 Ne5 18. Nd4 Nc4 19. Bxc4 bxc4 20. Nxe6 Nxe6 21. Bxd6 Bxd6 22. Qxd6 Qxd6 23. Rxd6 O-O 24. h4 a5 25. Rhd1 Nc5 26. R1d5 Rfe8 27. e5 Re6 28. Rxe6 Nxe6 29. Rxa5 Nd4 30. Ne4 Nf3 31. Nf6+ Kg7 32. e6 Rd8 33. a4 fxe6 34. Ra7+ Kf8 35. a5 e5 36. a6 Nd4 37. Nd7+ Kg8 38. Nxe5 Nb5 39. Rb7 Nd6 40. Rd7 Rxd7 41. Nxd7 Nb5 42. Ne5 Kg7 43. Nxc4 1-0


[Site "https://www.chess.com"]

[Event "Titled Tuesday Blitz June 13 Late 2023"]
[White "Petersson, Kjell"]
[Black "Golubev, Mikhail"]
[WhiteFideId "1705148"]
[BlackFideId "14100983"]
[WhiteElo "2005"]
[BlackElo "2374"]
[Result "1-0"]
[Round "1"]
[TimeControl "180+2"]
[Date "2023.06.13"]
[WhiteClock "0:00:11"]
[BlackClock "0:00:00"]
[Board "197"]

1. d4 Nf6 2. Bf4 d6 3. Nc3 Nbd7 4. Nf3 c5 5. e4 cxd4 6. Nd5 Nxd5 7. exd5 Qa5+ 8. Qd2 Qxd5 9. Be2 e5 10. Bg3 Be7 11. c3 Nb6 12. cxd4 e4 13. Ng1 O-O 14. f3 Bf5 15. fxe4 Bxe4 16. Nf3 Rac8 17. O-O f5 18. Rac1 Bf6 19. Bf2 h6 20. Rxc8 Rxc8 21. Rc1 Rxc1+ 22. Qxc1 Qxa2 23. h3 Qf7 24. Qc3 Kh7 25. Qa5 Nd5 26. Qxa7 Nf4 27. Bf1 Qg6 28. Kh2 Bxf3 29. gxf3 Qh5 30. Bg2 Bh4 31. Bxh4 Qxh4 32. Qxb7 1-0


[Site "https://www.chess.com"]

[Event "Titled Tuesday Blitz June 13 Late 2023"]
[White "D`Arruda, Ricardo D."]
[Black "Burke, Paul"]
[WhiteFideId "100692"]
[BlackFideId "2605767"]
[WhiteElo "2532"]
[BlackElo "1953"]
[Result "1-0"]
[Round "1"]
[TimeControl "180+2"]
[Date "2023.06.13"]
[WhiteClock "0:01:46"]
[BlackClock "0:01:25"]
[Board "198"]

1. Nf3 a6 2. e4 d6 3. d4 g6 4. Nc3 h6 5. Be3 Bg7 6. Bd3 Nd7 7. Qd2 e5 8. O-O-O Ne7 9. h4 f5 10. dxe5 dxe5 11. exf5 gxf5 12. Bc4 e4 13. Bd4 Nf6 14. Ne5 c5 15. Bf7+ Kf8 16. Bxc5 Qxd2+ 17. Rxd2 Nd5 18. Rxd5 Bxe5 19. Rxe5 Kxf7 20. Rxe7+ Kf6 21. Nd5+ Kg6 22. Bd4 Rg8 23. Nf4# 1-0


[Site "https://www.chess.com"]

[Event "Titled Tuesday Blitz June 13 Late 2023"]
[White "Sanchez, Robert"]
[Black "Roebers, Eline"]
[WhiteFideId "2034360"]
[BlackFideId "1058401"]
[WhiteElo "1951"]
[BlackElo "2527"]
[Result "0-1"]
[Round "1"]
[TimeControl "180+2"]
[Date "2023.06.13"]
[WhiteClock "0:00:14"]
[BlackClock "0:00:24"]
[Board "199"]

1. e4 c5 2. Nf3 e6 3. d4 cxd4 4. Nxd4 Nf6 5. Nc3 Nc6 6. Nxc6 bxc6 7. Bd3 d5 8. O-O Be7 9. f4 O-O 10. e5 Nd7 11. Rf3 f5 12. g4 Nc5 13. gxf5 Nxd3 14. cxd3 Rxf5 15. d4 c5 16. Be3 Rb8 17. Rb1 Qa5 18. a3 c4 19. Ne2 Rb3 20. Ng3 Rf7 21. Bd2 Qa4 22. Rxb3 cxb3 23. Be3 Ba6 24. Rc1 Bc4 25. Qg4 Qd7 26. Bd2 g6 27. h4 Bd8 28. h5 Rg7 29. h6 Rf7 30. Kh2 Bb6 31. Nh5 Bxd4 32. Nf6+ Rxf6 33. exf6 Bxb2 34. Re1 Kf7 35. Qf3 Bxf6 36. Bc3 Qe7 37. Be5 Qxa3 38. Bxf6 Kxf6 39. Qc3+ Ke7 40. Qg7+ Kd8 41. Rxe6 Bb5 42. Qf8+ Qxf8 0-1


[Site "https://www.chess.com"]

[Event "Titled Tuesday Blitz June 13 Late 2023"]
[White "Sreyas Payyappat"]
[Black "Vargas, Mauricio"]
[WhiteFideId "46674969"]
[BlackFideId "4404572"]
[WhiteElo "2043"]
[BlackElo "1986"]
[Result "1-0"]
[Round "1"]
[TimeControl "180+2"]
[Date "2023.06.13"]
[WhiteClock "0:01:32"]
[BlackClock "0:01:23"]
[Board "200"]

1. e4 d5 2. exd5 Qxd5 3. d4 Qa5+ 4. Bd2 Qb6 5. Nf3 c6 6. c4 Nf6 7. Qc2 Bg4 8. Be3 Qc7 9. Be2 e6 10. Nc3 Be7 11. h3 Bf5 12. Bd3 Bxd3 13. Qxd3 O-O 14. O-O-O Nbd7 15. g4 a6 16. g5 Ne8 17. h4 b5 18. c5 b4 19. Ne2 Qa5 20. Kb1 Rd8 21. Ng3 Nxc5 22. Qc4 Na4 23. Ne5 Nd6 24. Qb3 Qb5 25. Rc1 Rc8 26. f4 Rc7 27. h5 f6 28. Qxe6+ Kh8 29. Ng6+ hxg6 30. hxg6# 1-0


[Site "https://www.chess.com"]

[Event "Titled Tuesday Blitz June 13 Late 2023"]
[White "DampFalcon"]
[Black "angelgab3"]
[WhiteElo "1828"]
[BlackElo "2524"]
[Result "1/2-1/2"]
[Round "1"]
[TimeControl "180+2"]
[Date "2023.06.13"]
[WhiteClock "0:00:20"]
[BlackClock "0:00:33"]
[Board "201"]

1. e4 e5 2. Nf3 Nc6 3. d4 exd4 4. Nxd4 Nf6 5. Nxc6 bxc6 6. e5 Qe7 7. Qe2 Nd5 8. h4 Qe6 9. g3 f6 10. c4 Nb6 11. exf6 gxf6 12. Nc3 Ba6 13. Qxe6+ dxe6 14. b3 Bb4 15. Bd2 O-O-O 16. O-O-O Rd7 17. Bg2 Rhd8 18. Kc2 Bb7 19. Rhe1 e5 20. Bh3 Kb8 21. Bxd7 Rxd7 22. Be3 Bc8 23. Rxd7 Bxd7 24. Rd1 Bf5+ 25. Kb2 a5 26. a3 Be7 27. f4 exf4 28. Bxf4 Kc8 29. Re1 Kd7 30. Ne2 a4 31. Nd4 Bg6 32. g4 axb3 33. Kxb3 Bf7 34. Nf5 Bxc4+ 35. Kc3 Bxa3 36. Rd1+ Bd5 37. Ra1 Bc5 38. Rf1 Bg2 39. Rd1+ Nd5+ 40. Kb2 Bf3 41. Rd3 Bxg4 42. Ne3 Be6 43. Nc4 Ke7 44. Bd2 h5 45. Na5 Bd7 46. Nb3 Bd6 47. Nd4 Be5 48. Be3 Nxe3 49. Rxe3 c5 50. Rxe5+ fxe5 51. Ne2 Bg4 52. Ng3 Ke6 53. Kc2 Kd5 54. Kd3 e4+ 55. Ke3 Bf3 56. Nf1 Kc4 57. Ng3 Kc3 58. Nxe4+ Bxe4 59. Kxe4 c4 60. Kf5 Kb2 61. Kg5 c3 62. Kxh5 c2 63. Kg6 c1=Q 64. h5 Qg1+ 65. Kh7 Kc3 66. h6 Kd4 67. Kh8 Kd5 68. h7 c5 1/2-1/2


[Site "https://www.chess.com"]

[Event "Titled Tuesday Blitz June 13 Late 2023"]
[White "Urbina Perez, Juan Antonio"]
[Black "Munoz Misselis, Nelson Carlos"]
[WhiteFideId "2217368"]
[BlackFideId "6601790"]
[WhiteElo "2197"]
[BlackElo "1749"]
[Result "1-0"]
[Round "1"]
[TimeControl "180+2"]
[Date "2023.06.13"]
[WhiteClock "0:01:26"]
[BlackClock "0:00:00"]
[Board "202"]

1. Nf3 d6 2. g3 Nf6 3. Bg2 e5 4. O-O c6 5. b3 Be7 6. Bb2 O-O 7. c4 Re8 8. d4 e4 9. Nfd2 d5 10. e3 Be6 11. Nc3 Na6 12. a3 Nc7 13. f3 c5 14. cxd5 Ncxd5 15. Nxd5 Nxd5 16. Qe2 exf3 17. Qxf3 cxd4 18. Bxd4 Bf8 19. Rad1 b6 20. Ne4 Qc7 21. Rc1 Qb7 22. Ng5 h6 23. Nxe6 fxe6 24. Be5 Rac8 25. Rxc8 Rxc8 26. e4 Ne7 27. Qf7+ Kh8 28. Qxe6 Nc6 29. Qxh6+ Kg8 30. Qe6+ Kh8 31. Bb2 Na5 32. e5 Qe7 33. Qh3+ Kg8 34. Bd5+ 1-0


[Site "https://www.chess.com"]

[Event "Titled Tuesday Blitz June 13 Late 2023"]
[White "Nakamura, Hikaru"]
[Black "Kleiman, Jake"]
[WhiteFideId "2016192"]
[BlackFideId "2020041"]
[WhiteElo "2874"]
[BlackElo "2654"]
[Result "1-0"]
[Round "2"]
[TimeControl "180+2"]
[Date "2023.06.13"]
[WhiteClock "0:01:12"]
[BlackClock "0:00:00"]
[Board "1"]

1. Nf3 Nf6 2. b3 e6 3. e3 d5 4. Bb2 a5 5. a3 Be7 6. c4 O-O 7. d4 b6 8. cxd5 exd5 9. Nc3 Re8 10. Bd3 c5 11. dxc5 bxc5 12. O-O Bb7 13. Na4 Nbd7 14. Rc1 Rc8 15. Bf5 Rc7 16. Bc3 Qa8 17. Ne5 Nf8 18. Bh3 Ng6 19. Nxg6 hxg6 20. Be5 Rc6 21. Bxf6 Rxf6 22. Nxc5 Bc6 23. b4 axb4 24. axb4 Qb8 25. Bd7 Rd8 26. Bxc6 Rxc6 27. Qd2 Qb5 28. Nb3 Rxc1 29. Rxc1 Qxb4 30. Qd3 Bf6 31. Nd2 Qa4 32. Nf3 Qe4 33. Rd1 Qxd3 34. Rxd3 Kf8 35. g4 g5 36. Rb3 g6 37. Kf1 Ke7 38. Rb7+ Rd7 39. Rxd7+ Kxd7 40. Ke2 Ke6 41. h3 Be7 42. Nd4+ Kd6 43. Kd3 Bf6 44. Nb5+ Kc5 45. Na3 Kd6 46. Nb5+ Kc5 47. Na3 Kd6 48. Nb1 Kc5 49. Nd2 Kd6 50. Kc2 Ke6 51. Kb3 Kd6 52. Kb4 Kc6 53. Nf3 Kd6 54. Kb5 Bd8 55. Ne1 Be7 56. Nd3 Bd8 57. Ne1 Be7 58. Kb6 Bd8+ 59. Kb7 Bf6 60. Nd3 Be7 61. Ka6 Bd8 62. Nc1 Bf6 63. Kb5 Be7 64. Ka4 Bd8 65. Kb3 Be7 66. Kc2 Bf6 67. Ne2 Be7 68. Kd3 Bf6 69. Ng1 Be7 70. Ne2 Bf6 71. Kd2 Bg7 72. Nc1 Bf6 73. Ke2 Bg7 74. Kf3 Bf6 75. Nd3 Bg7 76. Kg3 Bf6 77. f4 gxf4+ 78. exf4 Ke6 79. g5 Bg7 80. Kg4 f5+ 81. Kf3 Bh8 82. Ke3 Bg7 83. Ne1 d4+ 84. Kd3 Kd5 85. Nf3 Ke6 86. Nxd4+ Kf7 87. Nc6 Ke6 88. Kc4 Kd6 89. Nd4 Bh8 90. h4 Bg7 91. Kd3 Kd5 92. Nc2 Bf8 93. Ke3 Bc5+ 94. Kf3 Bd6 95. Ne3+ Ke6 96. Nf1 Bc7 97. Ng3 Bd6 98. Ne2 Bc7 99. Nd4+ Kd5 100. h5 gxh5 101. g6 1-0


[Site "https://www.chess.com"]